 Dungeon Crawl Stone Soup version 0.27.1-3-gb3d3a73c9e (webtiles) character file.

Game seed: 13523452178273613108

1754 horus123 the Distorting Demonspawn (level 8, 0/64 HPs)
             Began as a Demonspawn Abyssal Knight on Oct 15, 2021.
             Was a Believer of Lugonu.
             Slain by an iguana (8 damage)
             ... on level 6 of the Dungeon.
             The game lasted 00:15:46 (6436 turns).

horus123 the Distorting Demonspawn (DsAK)           Turns: 6436, Time: 00:15:46

Health: 0/64       AC: 13    Str: 12    XL:     8   Next: 78%
Magic:  13/13      EV:  3    Int: 15    God:    Lugonu [**....]
Gold:   215        SH:  4    Dex: 16    Spells: 7/7 levels left

rFire    . . .     SeeInvis .   a - +3 falchion
rCold    . . .     Faith    .   (no shield)
rNeg     + . .     Spirit   .   f - +1 plate armour
rPois    .         Reflect  .   (no helmet)
rElec    .         Harm     .   (no cloak)
rCorr    .         Rampage  .   (no gloves)
Will     .....                  (no boots)
Stlth    ..........             (no amulet)
HPRegen  0.20/turn              l - ring of positive energy
MPRegen  0.13/turn              (no ring)

@: no status effects
A: talons 1, thin skeletal structure 1, condensation shield
a: Renounce Religion, Depart the Abyss, Bend Space


You were on level 6 of the Dungeon.
You worshipped Lugonu.
Lugonu was pleased with you.
You visited 1 branch of the dungeon, and saw 6 of its levels.
You visited the Abyss 1 time.
You also visited: Sewer.

You collected 215 gold pieces.

Inventory:

Hand Weapons
 a - a +3 falchion (weapon)
Missiles
 g - a throwing net
Armour
 b - a +0 leather armour
 f - a +1 plate armour (worn)
Jewellery
 l - a ring of positive energy (left hand)
Wands
 e - a wand of acid (2)
Scrolls
 i - a scroll of blinking
 n - a scroll of identify
 o - a scroll of fear {unknown}
Potions
 c - a potion of mutation
 h - a potion of lignification
 j - a potion of flight {unknown}
 k - a potion of brilliance {unknown}


   Skills:
 * Level 5.6 Fighting
 + Level 5.7 Long Blades
 * Level 5.5 Armour
 + Level 1.1 Dodging
 + Level 0.4 Stealth
 + Level 1.3 Shields
 + Level 7.3 Invocations
 + Level 0.9 Evocations


You had 7 spell levels left.
You didn't know any spells.
Your spell library contained the following spells:

 Spells                   Type           Power      Damage    Failure   Level
 Ozocubu's Armour         Ice            0%         N/A       100%        3
 Metabolic Englaciation   Hex/Ice        0%         N/A       100%        5
 Simulacrum               Ice/Necr       0%         N/A       100%        6


Dungeon Overview and Level Annotations

Branches:
Dungeon (6/15)             Temple (0/1) D:5           Sewer (visited)

Altars:
Dithmenos
Elyvilon
Gozag
Kikubaaqudgha
Makhleb
Okawaru
Trog
Uskayaw

Shops:
D:2 [   D:3 (   D:5 :


Innate Abilities, Weirdness & Mutations

You have sharp toenails.
You have a somewhat thin skeletal structure. (Dex +2, Stealth+)
A meltable shield of frost defends you. (SH +4)


Message History

The water moccasin bites you but does no damage.
You hit the water moccasin.
The water moccasin is severely wounded.
The water moccasin bites you but does no damage.
The iguana bites you but does no damage.
You closely miss the water moccasin.
The water moccasin is severely wounded.
The water moccasin bites you.
You are poisoned.
The water moccasin poisons you! The iguana bites you!
* * * LOW HITPOINT WARNING * * *
The water moccasin bites you but does no damage.
You feel better. The iguana bites you!
* * * LOW HITPOINT WARNING * * *
The water moccasin bites you but does no damage.
You hit the water moccasin. You claw the water moccasin.
The water moccasin is severely wounded.
The water moccasin bites you but does no damage.
You block the iguana's attack. The water moccasin bites you.
* * * LOW HITPOINT WARNING * * *
You miss the water moccasin.
The water moccasin is severely wounded.
The iguana barely misses you.
You riposte.
You hit the iguana but do no damage.
The water moccasin bites you but does no damage.
Your plate armour prevents you from hitting the water moccasin.
Your kick misses the water moccasin.
The water moccasin is severely wounded.
The water moccasin bites you but does no damage.
The iguana bites you but does no damage.
The water moccasin bites you but does no damage.
You hit the water moccasin. Your kick misses the water moccasin.
The water moccasin is severely wounded.
The iguana bites you but does no damage.
You block the water moccasin's attack.
You hit the water moccasin. Your kick misses the water moccasin.
The water moccasin is almost dead.
The water moccasin bites you.
* * * LOW HITPOINT WARNING * * *
The iguana bites you!
You die...

#####...................
#.......................
#.......................
#.....).................
#.......................
#...............†...)...
#..........#############
#..........#
#....$.@S..#
#...$...l..#
#..............
#....:[........
##########..... #####


You could see a water moccasin and an iguana.

Vanquished Creatures
  Sigmund (D:3)
  Eustachio (D:5)
  Menkaure (D:4)
  A black bear (D:5)
  A necrophage (D:6)
  A centaur (D:6)
  A phantom (D:6)
  A bullfrog (D:6)
  A water moccasin zombie (D:3)
  2 scorpions
  2 water moccasin skeletons (D:5)
  A howler monkey (D:6)
  A bullfrog zombie (D:5)
  3 centaur zombies
  2 orc priests
  A hound (D:6)
  2 adders
  A gnoll (D:1)
  A shadow imp (D:6)
  4 worms
  A dart slug (D:1)
  5 orcs
  10 ball pythons
  4 bats
  2 endoplasms
  6 giant cockroaches
  5 goblins
  3 hobgoblins
  9 quokkas
  2 frilled lizards
  4 kobolds
  9 rats
89 creatures vanquished.

Vanquished Creatures (others)
  4 fungi (D:4)
  A plant (D:3)
5 creatures vanquished.

Grand Total: 94 creatures vanquished

Notes
Turn   | Place    | Note
-------+----------+-------------------------------------------
     0 | Abyss:1  | horus123 the Demonspawn Abyssal Knight began the quest for
                  | the Orb.
     0 | Abyss:1  | Reached XP level 1. HP: 18/18 MP: 2/2
    25 | Abyss:2  | Found a corrupted altar of Lugonu.
    46 | Abyss:2  | Found a bloodstained altar of Trog.
    75 | Abyss:2  | Noticed a tentacled starspawn
    76 | Abyss:2  | Noticed a thrashing horror
    76 | Abyss:2  | Noticed a thrashing horror
    76 | D:1      | Escaped the Abyss
   596 | D:1      | Gained mutation: You have sharp toenails. [demonic
                  | ancestry]
   596 | D:1      | Reached XP level 2. HP: 24/24 MP: 4/4
   756 | D:1      | Reached * piety under Lugonu
  1039 | D:1      | Reached skill level 3 in Invocations
  1193 | D:1      | Reached XP level 3. HP: 29/29 MP: 5/5
  1366 | D:2      | Found Qehomidu's Antique Armour Boutique.
  1430 | D:2      | Found a faded altar of an unknown god.
  2163 | D:3      | Found a glowing drain.
  2221 | Sewer    | Entered a sewer
  2240 | Sewer    | Noticed a kobold brigand
  2594 | D:3      | Found a hide-covered altar of Uskayaw.
  2692 | D:3      | Noticed Sigmund
  2698 | D:3      | Killed Sigmund
  2699 | D:3      | Reached skill level 4 in Invocations
  2699 | D:3      | Reached XP level 4. HP: 37/37 MP: 5/7
  2699 | D:3      | Reached XP level 5. HP: 42/42 MP: 5/8
  2737 | D:3      | Found an opulent altar of Gozag.
  2809 | D:3      | Reached XP level 6. HP: 31/48 MP: 9/9
  2945 | D:3      | Found Piqiyn's Weapon Shoppe.
  2966 | D:3      | Reached ** piety under Lugonu
  3211 | D:3      | Found an iron altar of Okawaru.
  3329 | D:4      | Found a burning altar of Makhleb.
  3329 | D:4      | Noticed a balrug
  3334 | D:4      | Noticed a neqoxec
  3334 | D:4      | Noticed a ynoxinul
  3354 | D:4      | Noticed Menkaure
  3374 | D:4      | Killed Menkaure
  3375 | D:4      | Reached skill level 1 in Dodging
  4359 | D:4      | Found an ancient bone altar of Kikubaaqudgha.
  4510 | D:5      | Entered Level 5 of the Dungeon
  4510 | D:5      | Noticed Eustachio
  4571 | D:5      | Killed Eustachio
  4572 | D:5      | Reached skill level 5 in Invocations
  4572 | D:5      | Gained mutation: A meltable shield of frost defends you.
                  | (SH +4) [demonic ancestry]
  4572 | D:5      | Reached XP level 7. HP: 25/55 MP: 10/10
  5117 | D:5      | Found Unace's Book Shop.
  5186 | D:5      | Found a shadowy altar of Dithmenos.
  5203 | D:5      | Reached skill level 6 in Invocations
  5562 | D:5      | Found a staircase to the Ecumenical Temple.
  5882 | D:5      | Gained mutation: You have a somewhat thin skeletal
                  | structure. (Dex +2, Stealth+) [demonic ancestry]
  5882 | D:5      | Reached XP level 8. HP: 57/61 MP: 12/12
  5941 | D:5      | Found a bloodstained altar of Trog.
  6016 | D:6      | Reached skill level 5 in Fighting
  6076 | D:6      | Reached skill level 5 in Armour
  6099 | D:6      | Reached skill level 5 in Long Blades
  6235 | D:6      | Reached skill level 1 in Shields
  6288 | D:6      | Reached skill level 7 in Invocations
  6436 | D:6      | Slain by an iguana

Illustrated notes

Levels and vault maps discovered:
D:1:      elethiomel_arrival_shortcut, layout_loops_ring
D:2:      layout_rooms, serial_shops, nicolae_shop_behind_doors,
          dreamdust_ecumenical_altar_statues
D:3:      layout_rooms, grunt_gozag_breadcrumbs,
          nicolae_elyvilon_peaceful_grove,
          mainiacjoe_overflow_concentric_impassable, marbit_many_paths,
          portal_sewer_entry_f, serial_shops, shop, minmay_shallow_snake_nest,
          uniq_sigmund
D:4:      minmay_angry_zag, layout_basic, makhleb_altar_promises_db,
          lemuel_coloured_pillars_altar, serial_aquarium, aquarium_bridge_square
          [aquarium_subvault_wall, aquarium_subvault_wall,
          aquarium_subvault_window, aquarium_subvault_bridge],
          aquarium_window_corner, aquarium_window_2, aquarium_window_1,
          aquarium_window_2, aquarium_view_2b, amethyst_killhole, uniq_menkaure
D:5:      layout_loops_corners, mainiacjoe_overflow_catwalk, trog_book,
          minmay_temple_entry_proselytizer, serial_shops, shop, uniq_eustachio
D:6:      layout_basic, zin_purify, due_unseen_surprise

Skill      XL: |  1  2  3  4  5  6  7  8 |
---------------+-------------------------+-----
Long Blades    | 2 3 4 5 |  5.7
Armour         | 2 3 4 5 |  5.5
Invocations    | 3 4 5 6 7 |  7.3
Fighting       | 4 5 |  5.6
Dodging        | 1 |  1.1
Shields        | 1 |  1.3
Stealth        | |  0.4
Evocations     | |  0.9

Action                   |  1- 3 |  4- 6 |  7- 9 || total
-------------------------+-------+-------+-------++-------
Melee: Falchion          |   119 |   120 |   161 ||   400
       Kick              |    16 |    39 |    61 ||   116
Invok: Depart the Abyss  |     1 |       |       ||     1
       Bend Space        |       |     2 |       ||     2
Evoke: Wand              |     3 |     5 |       ||     8
  Use: Scroll            |     7 |     1 |     4 ||    12
       Potion            |     2 |     1 |     3 ||     6
Armor: Plate armour      |   116 |   116 |   167 ||   399
Dodge: Dodged            |    14 |    24 |    31 ||    69
Block: Other             |       |       |    34 ||    34
       Rpst.: Falchion   |     3 |     4 |     9 ||    16
